 Dungeon Crawl Stone Soup version 0.30-a0-374-g95c0257040 (webtiles) character file.

Game seed: 3530680424637577648

451 p00ps00p the Trooper (level 7, 0/61 HPs)
             Began as a Hill Orc Fighter on Nov 26, 2022.
             Slain by an orc
             ... wielding a +0 trident
              (7 damage)
             ... on level 5 of the Dungeon.
             The game lasted 00:03:42 (3802 turns).

p00ps00p the Trooper (Hill Orc Fighter)             Turns: 3802, Time: 00:03:43

Health: 0/61       AC: 11    Str: 21    XL:     7   Next: 4%
Magic:  7/7        EV:  7    Int: 14    God:
Gold:   192        SH:  5    Dex: 10    Spells: 6/6 levels left

rFire   . . .      SeeInvis .    a - +0 war axe
rCold   . . .      Faith    .    c - +0 buckler
rNeg    . . .      Spirit   .    o - +0 chain mail
rPois   .          Reflect  .    (no helmet)
rElec   .          Harm     .    i - scarf {shadows}
rCorr   .          Rampage  .    e - +0 pair of gloves
Will    .....                    (no boots)
Stlth   ..........               (no amulet)
HPRegen 0.30/turn                n - +6 ring of intelligence
MPRegen 0.10/turn                (no ring)

@: about to teleport
A: no striking features
a: Convert to Beogh


You were on level 5 of the Dungeon.
You visited 1 branch of the dungeon, and saw 5 of its levels.

You collected 192 gold pieces.

Inventory:

Hand Weapons
 a - a +0 war axe (weapon)
Missiles
 h - 12 poisoned darts (quivered)
 k - 4 throwing nets
Armour
 b - a +0 scale mail
 c - a +0 buckler (worn)
 e - a +0 pair of gloves (worn)
 i - a scarf of shadows (worn)
 o - a +0 chain mail (worn)
Jewellery
 n - a +6 ring of intelligence (left hand)
Wands
 d - a wand of charming (9)
 t - a wand of quicksilver (1)
Scrolls
 m - 2 scrolls of noise
 p - 2 scrolls of teleportation
 r - 3 scrolls of magic mapping
 u - a scroll of fear {unknown}
 v - 2 scrolls of poison {unknown}
 w - a scroll of identify
Potions
 j - 2 potions of mutation
 l - 2 potions of curing {unknown}
 q - a potion of ambrosia {unknown}
 s - a potion of brilliance {unknown}
 x - a potion of degeneration {unknown}


   Skills:
 + Level 5.5 Fighting
 + Level 5.2 Axes
 + Level 5.1 Armour
 + Level 5.1 Shields


You had 6 spell levels left.
You didn't know any spells.
Your spell library contained the following spells:

 Spells                   Type           Power      Damage    Failure   Level
 Sublimation of Blood     Necr           0%         N/A       99%         2
 Wereblood                Tmut           0%         N/A       99%         2
 Summon Hydra             Summ           0%         N/A       100%        7


Dungeon Overview and Level Annotations

Branches:
Dungeon (5/15)
 Temple: D:4-7

Altars:


Message History

The gnoll hits you but does no damage.
Unknown command.
You closely miss the gnoll. You hit the orc. You slash the orc!
You kill the orc!
You closely miss the orc. The gnoll closely misses you.
The orc hits you with a +0 trident! The orc hits you but does no damage.
You block the gnoll's attack.
The orc priest invokes the aid of Beogh against you.
Beogh smites you! The orc barely misses you.
You are too injured to fight recklessly!
Unknown command.
You are too injured to fight recklessly!
Unknown command.
As you read the scroll of teleportation, it crumbles to dust.
You feel strangely unstable. You block the gnoll's attack.
The orc barely misses you. The orc hits you with a +0 short sword.
* * * LOW HITPOINT WARNING * * *
You block the gnoll's attack. The orc closely misses you.
You hit the orc.
The orc is moderately wounded.
You barely miss the gnoll. You hit the orc.
You kill the orc!
The orc hits you but does no damage.
The gnoll hits you from afar with a +0 spear.
* * * LOW HITPOINT WARNING * * *
The orc hits you but does no damage. You block the orc's attack.
The gnoll hits you but does no damage.
The orc hits you from afar with a +0 trident.
* * * LOW HITPOINT WARNING * * *
The gnoll hits you with a +0 flail.
* * * LOW HITPOINT WARNING * * *
You slash the gnoll!
The gnoll is almost dead.
You closely miss the gnoll.
You hit the orc priest but do no damage.
The orc priest shouts, "Join the one true god or die!"
You hit the orc. You block the orc's attack.
The gnoll hits you but does no damage. The orc priest barely misses you.
The orc hits you from afar with a +0 trident!
You die...

##.##.........
#. ###.##....
##.# #.# #.
#... ##.##
#... #...#
#...##...#
#..g#.$..#
#.gg#.####
#.og@.#
#..oo......
.............
....##.......
.... ......).
..# #.......
.. #.......


You could see an orc priest, 4 gnolls and 2 orcs.

Vanquished Creatures
  Sigmund (D:2)
  Edmund (D:4)
  An iguana (D:4)
  3 gnolls (D:3)
  5 adders
  An ufetubus (D:4)
  2 worms (D:2)
  3 orcs
  8 ball pythons
  3 bats (D:1)
  2 endoplasms (D:4)
  4 giant cockroaches
  2 hobgoblins
  8 jackals
  A quokka (D:2)
  A frilled lizard (D:1)
  10 goblins
  5 kobolds
  7 rats
68 creatures vanquished.

Notes
Turn   | Place    | Note
-------+----------+-------------------------------------------
     0 | D:1      | p00ps00p the Hill Orc Fighter began the quest for the Orb.
     0 | D:1      | Reached XP level 1. HP: 19/19 MP: 1/1
    31 | D:1      | Reached XP level 2. HP: 23/27 MP: 2/2
   227 | D:1      | Reached XP level 3. HP: 33/33 MP: 3/3
   695 | D:2      | Noticed Sigmund
   705 | D:2      | Killed Sigmund
   706 | D:2      | Reached XP level 4. HP: 30/41 MP: 4/4
   706 | D:2      | Reached XP level 5. HP: 34/47 MP: 5/5
  1186 | D:2      | Found a faded altar of an unknown god.
  1835 | D:3      | Reached skill level 5 in Fighting
  1835 | D:3      | Reached XP level 6. HP: 56/56 MP: 6/6
  2598 | D:4      | Noticed Edmund
  2618 | D:4      | Killed Edmund
  2619 | D:4      | Reached skill level 5 in Axes
  3436 | D:4      | Reached skill level 5 in Armour
  3436 | D:4      | Reached skill level 5 in Shields
  3622 | D:4      | Reached XP level 7. HP: 61/61 MP: 7/7
  3764 | D:5      | Entered Level 5 of the Dungeon
  3802 | D:5      | Slain by an orc

Illustrated notes

Levels and vault maps discovered:
D:1:      tarquinn_simple_flora_water_c, layout_rooms
D:2:      layout_basic, shapermc_ecumenical_altar_pompeii,
          nicolae_elevator_lobby_asterisk, uniq_sigmund
D:3:      layout_basic
D:4:      layout_basic, uniq_edmund
D:5:      layout_rooms, serial_corexii_hall, corexii_hall_statues_s,
          corexii_hall_statues_x, uniq_ijyb

Skill      XL: |  1  2  3  4  5  6 |
---------------+-------------------+-----
Axes           | 3 4 5 |  5.2
Fighting       | 4 5 |  5.5
Armour         | 4 5 |  5.1
Shields        | 4 5 |  5.1

Action                   |  1- 3 |  4- 6 |  7- 9 || total
-------------------------+-------+-------+-------++-------
Melee: War axe           |    73 |   110 |     5 ||   188
Evoke: Wand              |       |     4 |       ||     4
  Use: Scroll            |       |     7 |     1 ||     8
       Potion            |       |     2 |       ||     2
Armor: Scale mail        |    27 |       |       ||    27
       Chain mail        |     9 |    51 |     8 ||    68
Dodge: Dodged            |    45 |    48 |     6 ||    99
Block: Buckler           |    22 |    24 |     6 ||    52

Table legend: (Time is in decaauts)
 A = Elapsed time spent in this place.
 B = Non-inter-level travel time spent in this place.
 C = Inter-level travel time spent in this place.
 D = Time resting spent in this place.
 E = Time spent auto-exploring this place.
 F = Levels seen in this place.
 G = Mean time per level.
                   A        B        C        D        E       F      G
               +--------+--------+--------+--------+--------+-----+--------+
         Total |   3866 |   3688 |    178 |    472 |   2737 |   5 |  773.2 |
       Dungeon |   3866 |   3688 |    178 |    472 |   2737 |   5 |  773.2 |
               +--------+--------+--------+--------+--------+-----+--------+

Top non-repeatable levels by time:
     D:2: 1333 daAuts
     D:4: 1246 daAuts
     D:3: 723 daAuts
     D:1: 524 daAuts
     D:5: 38 daAuts
